 Dungeon Crawl Stone Soup version 0.26-a0-710-g95a0c6c400 (webtiles) character file.

Game seed: 1106986163900085546

150890 robertstho the Warrior (level 16, -2/240 HPs)
             Began as a Minotaur Berserker on Oct 30, 2020.
             Was the Champion of Trog.
             Slain by a +2 halberd of flaming (3 damage)
             ... on level 2 of the Elven Halls.
             The game lasted 00:46:32 (27707 turns).

robertstho the Warrior (Minotaur Berserker)        Turns: 27707, Time: 00:46:32

Health: -2/240     AC: 29    Str: 28    XL:     16   Next: 99%
Magic:  5/5        EV: 16    Int: 11    God:    Trog [******]
Gold:   2018       SH: 14    Dex: 10    Spells: 15/15 levels left

rFire    + . .     SeeInvis .   W - +6 hand axe (antimagic)
rCold    + . .     Faith    .   g - +0 kite shield
rNeg     . . .     Spirit   .   U - +2 plate armour {rC+}
rPois    .         Reflect  .   B - +0 hat {MR+}
rElec    +         Harm     .   T - +2 cloak {rF+}
rCorr    .         Rampage  .   j - +1 pair of gloves
MR       +++..                  t - +2 pair of boots
Stlth    ..........             S - amulet of the Air {Inacc +Fly rElec EV+5 RMsl}
HPRegen  0.50/turn              X - ring "Beotwulu" {rElec rC- MR+ Int+6}
MPRegen  0.09/turn              H - ring of protection from cold

@: berserking (expiring), repel missiles, very quick
A: retaliatory headbutt, horns 2
a: Berserk, Trog's Hand, Brothers in Arms, Renounce Religion, Evoke Flight


You were on level 2 of the Elven Halls.
You worshipped Trog.
Trog was exalted by your worship.
You visited 4 branches of the dungeon, and saw 24 of its levels.
You also visited: Gauntlet, Ice Cave and Volcano.

You collected 2842 gold pieces.
You spent 824 gold pieces at shops.

Inventory:

Hand Weapons
 D - a +8 broad axe
 F - a +2 war axe of flaming
 W - a +6 antimagic hand axe (weapon)
Armour
 g - a +0 kite shield (worn)
 j - a +1 pair of gloves (worn)
 m - +0 acid dragon scales
 t - a +2 pair of boots (worn)
 B - a +0 hat of magic resistance (worn)
 R - a +1 chain mail of fire resistance
 T - a +2 cloak of fire resistance (worn)
 U - a +2 plate armour of cold resistance (worn)
Jewellery
 n - an uncursed ring of flight
 y - an uncursed ring of protection from magic
 z - an uncursed ring of fire
 E - an uncursed ring of protection from fire
 H - a ring of protection from cold (right hand)
 Q - an uncursed ring of ice
 S - the amulet of the Air (around neck) {Inacc +Fly rElec EV+5 RMsl}
   (You found it on level 6 of the Lair of Beasts)

   [amulet of inaccuracy]

   It reduces the accuracy of all your attacks.
   It affects your evasion (+5).
   It insulates you from electricity.
   It lets you fly.
   It protects you from missiles.
 X - the ring "Beotwulu" (left hand) {rElec rC- MR+ Int+6}
   (You acquired it on level 7 of the Dungeon)

   [ring of intelligence]

   It affects your intelligence (+6).
   It makes you vulnerable to cold.
   It insulates you from electricity.
   It affects your resistance to hostile enchantments.
Wands
 o - a wand of acid (33)
 q - a wand of digging (17)
 v - a wand of iceblast (23)
 V - a wand of disintegration (16)
 Z - a wand of enslavement (10)
Scrolls
 d - 4 scrolls of enchant armour
 f - 10 scrolls of teleportation
 k - 3 scrolls of immolation
 l - 10 scrolls of remove curse
 p - 5 scrolls of amnesia {unknown}
 r - 3 scrolls of fog {unknown}
 s - 6 scrolls of fear
 x - 4 scrolls of enchant weapon
 A - 4 scrolls of magic mapping
 C - a scroll of silence
 M - a scroll of blinking
 O - 2 scrolls of summoning
 P - a scroll of brand weapon
Potions
 a - 2 potions of brilliance
 c - 9 potions of flight
 e - a potion of ambrosia
 h - 11 potions of curing
 i - 2 potions of heal wounds
 u - 3 potions of might
 w - 3 potions of cancellation
 G - a potion of magic
 I - a potion of haste
 J - 3 potions of resistance
 N - 4 potions of stabbing
Miscellaneous
 K - a condenser vane (2/2)
 L - a lightning rod (4/4)


   Skills:
 * Level 19.3 Fighting
   Level 4.3 Long Blades
 + Level 18.8 Axes
   Level 1.2(12.8) Maces & Flails
 * Level 16.9 Armour
 + Level 6.7 Dodging
 + Level 1.7 Stealth
 + Level 13.9 Shields


You had 15 spell levels left.
You didn't know any spells.
Your spell library contained the following spells:

 Spells                   Type           Power        Failure   Level
 Lesser Beckoning         Tloc           #.........   100%        3
 Portal Projectile        Hex/Tloc       #.....       100%        3
 Teleport Other           Tloc           #.......     100%        3
 Summon Forest            Summ/Tloc      #.........   100%        5
 Dispersal                Tloc           #.........   100%        6
 Disjunction              Tloc           #.........   100%        8


Dungeon Overview and Level Annotations

Branches:
Dungeon (15/15)            Temple (0/1) D:7            Lair (6/6) D:8
 Shoals (0/4) Lair:4        Snake (0/4) Lair:4        Slime (0/5) Lair:5
    Orc (2/2) D:12            Elf (2/3) Orc:2        Vaults (0/5) D:14
 Depths (0/5) D:15          IceCv (visited)         Volcano (visited)
Gauntlet (visited)

Altars:
Ashenzari
Dithmenos
Elyvilon
Fedhas
Gozag
Hepliaklqana
Kikubaaqudgha
Makhleb
Okawaru
Qazlal
Sif Muna
Trog
Vehumet
Wu Jian
Xom
The Shining One
Beogh
Jiyva

Shops:
D:7 *   Orc:2 (!}}

Portals:
Hell: Lair:6

Annotations:
D:2 Natasha
D:10 3 runed translucent doors, demibob's ghost, journeyman DsMo
Lair:3 2 transporters, Riny's ghost, journeyman SpEn


Innate Abilities, Weirdness & Mutations

You reflexively headbutt those who attack you in melee.
You have a pair of horns on your head.


Message History

The +0 halberd of distortion hits you from afar!
* * * LOW HITPOINT WARNING * * *
Space warps horribly around you!
* * * LOW HITPOINT WARNING * * *
Something hits you.
* * * LOW HITPOINT WARNING * * *
You barely miss something. Your headbutt misses something.
The +2 halberd of flaming hits you from afar!
* * * LOW HITPOINT WARNING * * *
The +2 halberd of flaming burns you.
* * * LOW HITPOINT WARNING * * *
Unknown command.
You hear some strange, mumbled words.
A shard of ice appears from out of thin air!
The shard of ice is repelled.
You feel a strong urge to attack something.
The +2 halberd of flaming hits you from afar!
* * * LOW HITPOINT WARNING * * *
The +2 halberd of flaming burns you.
You die...

## ## ## #.#
##.## #.## #.
...##...##...##..
.................
#..............#
#............#
##..........#
##....@{.)...##
#.......()....#
........())....#
................#
.................
........##.......
.......## #......
....... ......
...... ......


You could see 2 dancing weapons.

Vanquished Creatures
  Frances (D:14)
  A deep elf blademaster (Elf:2)
  Kirke (D:14)
  A frost giant (IceCv)
  An ironheart preserver (D:14)
  An orc warlord (Orc:1)
  A very ugly thing (D:10)
  2 stone giants
  A dire elephant (D:15)
  A minotaur (Gauntlet)
  An ettin (D:15)
  A fire dragon (D:15)
  Fannar (Lair:1)
  An ogre mage (D:15)
  A yaktaur captain (D:15)
  The ghost of robertstho the Cleaver, a journeyman MiBe of Trog (D:12)
  A boulder beetle (Lair:2)
  12 hydras
  Erolcha (Orc:1)
  4 centaur warriors
  A two-headed ogre (shapeshifter) (D:15)
  Erica (Lair:2)
  A queen ant (Gauntlet)
  A death yak (IceCv)
  9 two-headed ogres
  9 dancing weapons
  An orc high priest (Elf:2)
  A hell knight (Volcano)
  4 deep elf knights
  Urug (D:10)
  A sun demon (Lair:6)
  A salamander mystic (Volcano)
  10 skeletal warriors
  2 unseen horrors
  A wizard (Lair:6)
  A wolf spider zombie (D:15)
  A phantasmal warrior (D:12)
  A lindwurm (Lair:3)
  2 deep elf archers (Elf:1)
  Pikel (D:5)
  6 orc knights (Orc:2)
  24 deep elf magi
  4 ugly things (D:10)
  An oklob plant (Gauntlet)
  3 orc sorcerers
  2 manticores
  The ghost of dickylongcocking the Covert, a novice OpFi of Gozag (D:5)
  7 salamanders
  6 centaur zombies
  14 elephants
  9 black mambas
  An ice statue (IceCv)
  13 cane toads
  3 cyclopes
  2 torpor snails
  A gargoyle (D:10)
  Maurice (Orc:1)
  2 orange demons (Lair:6)
  13 komodo dragons
  Maggie (Lair:2)
  A hellwing (Lair:6)
  8 rime drakes
  6 ice devils
  2 kobold demonologists
  3 meliai (D:15)
  18 polar bears
  4 trolls
  11 slime creatures
  13 blink frogs
  6 dream sheep (Lair:2)
  A hornet (Lair:1)
  A centaur simulacrum (D:15)
  3 water elementals (Elf:1)
  An air elemental (Elf:1)
  8 shadows
  A vampire (D:12)
  A spriggan (Lair:1)
  53 yaks
  9 wraiths
  8 wyverns
  Eustachio (D:5)
  A fire elemental (Elf:1)
  3 fire bats (Lair:3)
  A hog (D:14)
  2 basilisks
  A hog (shapeshifter) (D:15)
  3 vampire mosquitoes (D:15)
  Grum (D:9)
  8 wargs (Orc:2)
  3 hell hounds (Lair:6)
  2 acid dragons
  5 soldier ants (Gauntlet)
  16 water moccasins
  2 ice beasts
  50 orc warriors
  8 sky beasts
  4 black bears
  5 eyes of draining
  6 phantoms
  12 ogres
  68 wolves
  9 centaurs
  3 lemures (D:5)
  2 big kobolds
  Blork the orc (D:4)
  21 bullfrogs
  2 earth elementals (Elf:1)
  4 scorpions
  2 wyvern skeletons
  A water moccasin skeleton (D:6)
  2 troll zombies (D:12)
  9 killer bees
  14 wights
  An electric eel (Lair:3)
  6 howler monkeys
  A bullfrog zombie (D:10)
  8 hounds
  2 quasits (D:7)
  A gnoll shaman (D:4)
  13 orc priests
  4 bullfrog skeletons
  11 jellies
  27 orc wizards
  2 centaur skeletons
  Natasha (D:2)
  7 iguanas
  17 worker ants
  6 ogre zombies (D:12)
  6 gnolls (D:4)
  2 howler monkey skeletons
  15 adders
  A shadow imp (D:8)
  2 white imps
  4 ufetubi
  An ooze (D:4)
  2 adder zombies
  3 worms
  2 adder skeletons
  A dart slug (D:4)
  5 leopard geckos
  102 orcs
  9 bats
  8 giant cockroaches
  7 goblins
  8 hobgoblins
  15 kobolds
  3 quokkas
  2 ball pythons (D:1)
  8 frilled lizards
  A goblin skeleton (D:12)
  3 goblin zombies (D:12)
  A hobgoblin skeleton (D:12)
  6 hobgoblin zombies (D:12)
  A jackal skeleton (D:4)
  A leopard gecko skeleton (D:8)
  A leopard gecko zombie (D:5)
  3 orc skeletons (D:12)
  11 orc zombies (D:12)
  A quokka skeleton (D:4)
  7 rats
978 creatures vanquished.

Vanquished Creatures (collateral kills)
  An ugly thing (D:10)
  A water moccasin (Lair:1)
  2 wolves (Lair:1)
4 creatures vanquished.

Vanquished Creatures (others)
  A deep elf knight (Elf:1)
  An orc priest (Orc:1)
  An orc (Orc:1)
  37 fungi
  37 plants
77 creatures vanquished.

Grand Total: 1059 creatures vanquished

Notes
Turn   | Place    | Note
-------+----------+-------------------------------------------
     0 | D:1      | robertstho the Minotaur Berserker began the quest for the
                  | Orb.
     0 | D:1      | Reached XP level 1. HP: 19/19 MP: 0/0
   143 | D:1      | Reached skill level 4 in Fighting
   268 | D:1      | Reached XP level 2. HP: 24/27 MP: 1/1
   362 | D:1      | Reached ** piety under Trog
   730 | D:2      | Reached XP level 3. HP: 34/34 MP: 2/2
   908 | D:2      | Noticed Natasha
   909 | D:2      | Found a blossoming altar of Fedhas.
   910 | D:2      | Found a broken altar of Ashenzari.
   922 | D:2      | Killed Natasha
   922 | D:2      | Reached skill level 1 in Shields
   922 | D:2      | Reached XP level 4. HP: 10/41 MP: 3/3
   955 | D:2      | Noticed Natasha
  1244 | D:2      | Reached *** piety under Trog
  1244 | D:2      | Reached skill level 5 in Fighting
  1370 | D:2      | You fall into a shaft and drop 2 floors!
  1453 | D:4      | Reached XP level 5. HP: 47/48 MP: 4/4
  1460 | D:4      | Reached skill level 5 in Axes
  1525 | D:4      | Noticed Blork the orc
  1529 | D:4      | Reached XP level 6. HP: 39/56 MP: 5/5
  1549 | D:4      | Killed Blork the orc
  2135 | D:4      | Reached skill level 5 in Armour
  2296 | D:4      | Reached skill level 6 in Fighting
  2296 | D:4      | Reached XP level 7. HP: 61/63 MP: 6/6
  2579 | D:5      | Entered Level 5 of the Dungeon
  2587 | D:5      | Reached **** piety under Trog
  3013 | D:5      | Noticed Pikel
  3032 | D:5      | Killed Pikel
  3032 | D:5      | Reached skill level 7 in Fighting
  3032 | D:5      | Reached XP level 8. HP: 73/73 MP: 7/7
  3178 | D:5      | Noticed Eustachio
  3192 | D:5      | Killed Eustachio
  3256 | D:5      | Found a shadowy altar of Dithmenos.
  3343 | D:5      | Found a glowing golden altar of the Shining One.
  3365 | D:5      | Found a hazy altar of Hepliaklqana.
  3505 | D:5      | Found a runed translucent door.
  3505 | D:5      | Noticed dickylongcocking's ghost (novice OpFi)
  3629 | D:5      | Killed dickylongcocking's ghost
  3629 | D:5      | Reached XP level 9. HP: 81/81 MP: 8/8
  3672 | D:6      | Reached skill level 8 in Fighting
  4131 | D:6      | Reached skill level 1 in Stealth
  4170 | D:6      | Reached skill level 5 in Shields
  4537 | D:6      | Found an ancient bone altar of Kikubaaqudgha.
  4543 | D:6      | Found an iron altar of Okawaru.
  4837 | D:7      | Found a staircase to the Ecumenical Temple.
  5187 | D:7      | Reached skill level 10 in Axes
  5319 | D:8      | Reached ***** piety under Trog
  5322 | D:8      | Reached XP level 10. HP: 74/90 MP: 9/9
  5363 | D:8      | Reached skill level 9 in Fighting
  5627 | D:7      | Found Wyezemaj's General Store.
  5655 | D:7      | Reached skill level 10 in Armour
  5833 | D:8      | Found a staircase to the Lair.
  6093 | D:8      | Found a basalt altar of Yredelemnul.
  6100 | D:8      | Found an ancient bone altar of Kikubaaqudgha.
  6100 | D:8      | Found a bloodstained altar of Trog.
  6102 | D:8      | Found a stormy altar of Qazlal.
  6102 | D:8      | Found a white marble altar of Elyvilon.
  6102 | D:8      | Found a shimmering altar of Xom.
  6411 | D:9      | Reached skill level 10 in Fighting
  6685 | D:9      | Noticed Grum
  6707 | D:9      | Killed Grum
  7098 | D:9      | Found a shimmering blue altar of Sif Muna.
  7200 | D:9      | Killed an unseen horror
  7724 | D:10     | Entered Level 10 of the Dungeon
  7802 | D:10     | Noticed Urug
  7821 | D:10     | Killed Urug
  7821 | D:10     | Reached XP level 11. HP: 25/101 MP: 6/10
  8549 | D:10     | Found a runed translucent gate.
  8549 | D:10     | Found a runed translucent gate.
  8549 | D:10     | Noticed a red ugly thing
  8549 | D:10     | Noticed a purple ugly thing
  8549 | D:10     | Noticed a green ugly thing
  8550 | D:10     | Found a runed translucent gate.
  8550 | D:10     | Noticed a cyan ugly thing
  8551 | D:10     | Noticed a purple very ugly thing
  8551 | D:10     | Noticed a purple ugly thing
  8765 | D:10     | Reached skill level 11 in Fighting
  8806 | D:10     | Noticed a centaur warrior
  8818 | D:10     | Killed a centaur warrior
  8820 | D:10     | Received a gift from Trog
  9391 | D:10     | Killed a white ugly thing
  9394 | D:10     | Killed a purple very ugly thing
  9396 | D:10     | Killed a red ugly thing
  9397 | D:10     | Killed a brown ugly thing
  9403 | D:10     | Killed a purple ugly thing
  9409 | D:10     | Killed a purple ugly thing
  9413 | D:10     | Found a runed translucent gate.
  9413 | D:10     | Found a runed translucent gate.
  9416 | D:10     | Found a runed translucent gate.
  9416 | D:10     | Noticed demibob's ghost (journeyman DsMo)
  9706 | D:11     | Noticed a seven-headed hydra
  9716 | D:11     | Killed a seven-headed hydra
  9828 | D:11     | Found a gate leading to a gauntlet.
  9839 | Gauntlet | Entered a Gauntlet
  9839 | Gauntlet | Found a runed translucent door.
  9839 | Gauntlet | Found a transporter.
  9839 | Gauntlet | Found a runed translucent door.
  9839 | Gauntlet | Noticed a queen ant
  9846 | Gauntlet | Found a transporter.
  9848 | Gauntlet | Found a transporter.
  9853 | Gauntlet | Noticed a tengu warrior
  9857 | Gauntlet | Found a transporter.
  9859 | Gauntlet | Found a transporter.
  9868 | Gauntlet | Found a transporter.
  9881 | Gauntlet | Noticed a hell hog
  9883 | Gauntlet | Found a transporter.
  9893 | Gauntlet | Found a transporter.
  9906 | Gauntlet | Found a transporter.
  9919 | Gauntlet | Found a transporter.
  9934 | Gauntlet | Found a transporter.
  9993 | Gauntlet | Found a transporter.
  9993 | Gauntlet | Found a transporter.
 10003 | Gauntlet | Found a transporter.
 10003 | Gauntlet | Noticed an oklob plant
 10097 | Gauntlet | Killed a queen ant
 10097 | Gauntlet | Reached skill level 12 in Fighting
 10097 | Gauntlet | Reached skill level 1 in Maces & Flails
 10097 | Gauntlet | Reached XP level 12. HP: 112/112 MP: 11/11
 10496 | Gauntlet | Got a clouded iron amulet
 10550 | Gauntlet | Identified the +4 glaive "Lovimaod" {speed, rN+}
 10550 | Gauntlet | Identified the +8 hand crossbow of Departure {elec, rF+ MR+
                  | Dex+3}
 10550 | Gauntlet | Noticed a minotaur
 10562 | Gauntlet | Killed a minotaur
 10577 | Gauntlet | Identified Sif Muna's Incunabulum of the Traveller
 11433 | Lair:1   | Entered Level 1 of the Lair of Beasts
 11695 | Lair:1   | Reached ****** piety under Trog
 11837 | Lair:1   | Reached skill level 13 in Fighting
 12036 | Lair:1   | Noticed Fannar
 12055 | Lair:1   | Killed Fannar
 12370 | Lair:1   | Reached skill level 5 in Dodging
 12430 | Lair:1   | Identified the amulet "Uzaskiur" {Faith +Fly Int+3} (You
                  | found it in a Gauntlet)
 12521 | Lair:2   | Reached XP level 13. HP: 106/122 MP: 12/12
 12608 | Lair:2   | Noticed Erica
 12613 | Lair:2   | Killed Erica
 12720 | Lair:2   | Reached skill level 10 in Shields
 12852 | Lair:2   | Reached skill level 15 in Axes
 12915 | Lair:2   | Reached skill level 1 in Long Blades
 12931 | Lair:2   | Noticed Maggie
 12938 | Lair:2   | Killed Maggie
 13318 | Lair:3   | Found a dark tunnel.
 13328 | Volcano  | Entered a volcano
 13349 | Volcano  | Found a bloodstained altar of Trog.
 13379 | Volcano  | Received a gift from Trog
 13381 | Volcano  | Reached skill level 14 in Fighting
 13582 | Lair:3   | Found a transporter.
 13598 | Lair:3   | Identified the +4 demon trident of Unreason {antimagic, rF+
                  | rN++ Int+2}
 13600 | Lair:3   | Noticed Riny's ghost (journeyman SpEn)
 13604 | Lair:3   | Found a bloodstained altar of Trog.
 13619 | Lair:3   | Found a transporter.
 14227 | Lair:4   | Found a staircase to the Snake Pit.
 14631 | Lair:4   | Reached XP level 14. HP: 98/133 MP: 13/13
 14919 | Lair:4   | Found a staircase to the Shoals.
 15265 | Lair:5   | Reached skill level 15 in Fighting
 15478 | Lair:5   | Found a staircase to the Slime Pits.
 15478 | Lair:5   | Found a viscous altar of Jiyva.
 15487 | Lair:5   | Received a gift from Trog
 16195 | Lair:6   | Entered Level 6 of the Lair of Beasts
 16195 | Lair:6   | Found the amulet of the Air {Inacc +Fly rElec EV+5 RMsl}
 17019 | Lair:6   | Found a burning altar of Makhleb.
 17761 | Lair:6   | Found a gateway to Hell.
 18079 | D:12     | Reached skill level 16 in Fighting
 18091 | D:12     | Received a gift from Trog
 18124 | D:12     | Found a staircase to the Orcish Mines.
 19165 | D:12     | Reached XP level 15. HP: 144/144 MP: 14/14
 19301 | D:12     | Received a gift from Trog
 19408 | D:12     | Reached skill level 15 in Armour
 19712 | D:12     | Found a runed translucent gate.
 19713 | D:12     | Found a runed translucent gate.
 19725 | D:12     | Found a runed translucent gate.
 19725 | D:12     | Noticed robertstho's ghost (journeyman MiBe)
 19897 | D:12     | Killed robertstho's ghost
 20164 | D:13     | You fall into a shaft and drop 2 floors!
 20164 | D:15     | Entered Level 15 of the Dungeon
 20238 | D:15     | Found an ornate altar of the Wu Jian Council.
 20444 | D:15     | Found a staircase to the Depths.
 20894 | D:15     | Reached skill level 17 in Fighting
 21071 | D:15     | Found an opulent altar of Gozag.
 22148 | D:14     | Found a frozen archway.
 22170 | IceCv    | Entered an ice cave
 22430 | IceCv    | Received a gift from Trog
 22692 | IceCv    | Noticed a frost giant
 22700 | IceCv    | Killed a frost giant
 23301 | D:14     | Noticed Frances
 23310 | D:14     | Killed Frances
 23363 | D:14     | Reached XP level 16. HP: 157/157 MP: 15/15
 23615 | D:14     | Found a gate to the Vaults.
 23630 | D:14     | Reached skill level 18 in Fighting
 23834 | D:14     | Noticed Kirke
 23846 | D:14     | Killed Kirke
 24002 | Orc:1    | Entered Level 1 of the Orcish Mines
 24005 | Orc:1    | Noticed Maurice
 24015 | Orc:1    | Killed Maurice
 24015 | Orc:1    | Noticed Erolcha
 24019 | Orc:1    | Received a gift from Trog
 24064 | Orc:1    | Killed Erolcha
 24579 | Orc:2    | Entered Level 2 of the Orcish Mines
 24603 | Orc:2    | Found a staircase to the Elven Halls.
 24844 | Orc:2    | Found a radiant altar of Vehumet.
 25049 | Orc:2    | Received a gift from Trog
 25127 | Orc:2    | Found Zamuede's Distillery.
 25127 | Orc:2    | Found Wutt's Antique Weapon Shop.
 25217 | Orc:2    | Bought a potion of ambrosia for 96 gold pieces
 25254 | Orc:2    | Found a roughly hewn altar of Beogh.
 25324 | Orc:2    | Found Xoehosat's Gadget Shop.
 25324 | Orc:2    | Found Oshreof's Gadget Shoppe.
 25896 | D:7      | Bought a scroll of acquirement for 728 gold pieces
 25896 | D:7      | Acquired the ring "Beotwulu" {rElec rC- MR+ Int+6}
 26061 | Elf:1    | Entered Level 1 of the Elven Halls
 26820 | Elf:1    | Reached skill level 19 in Fighting
 26898 | Elf:1    | Received a gift from Trog
 27676 | Elf:2    | Noticed a deep elf blademaster
 27704 | Elf:2    | Killed a deep elf blademaster
 27707 | Elf:2    | HP: 1/240 [+2 halberd of flaming (14)]
 27707 | Elf:2    | Slain by a +2 halberd of flaming

Illustrated notes

Levels and vault maps discovered:
D:1:      nicolae_arrival_memento_mori, layout_basic
D:2:      layout_rooms, chequers_temple_overflow_statue_of_worship, uniq_natasha
D:4:      layout_loops_ring, uniq_blork_the_orc
D:5:      layout_rooms, overflow_temple_1_default, old_standard_altar,
          lemuel_coloured_pillars_altar, ebering_ghost_reflecting_pool,
          serial_bayou_crossing, uniq_pikel, uniq_eustachio
D:6:      layout_loops_ring, grunt_temple_overflow_open
D:7:      layout_basic, minmay_temple_entry_stoned_glass, serial_shops, shop
D:8:      layout_rooms, doesnt_xom_only_xom, grunt_lair_entry_orc_guard_hut
D:9:      layout_basic, kennysheep_little_box, uniq_grum
D:10:     layout_basic, ploomutoo_gammafunk_ghost_potion_laboratory, uniq_urug
D:11:     layout_basic, gauntlet_entry_generic
D:12:     kennysheep_six_static_rooms, layout_irregular_city, zombieorc2_lemuel,
          gammafunk_ghost_spectres
D:13:     layout_stronghold
D:14:     layout_rooms, skrybe_vaults_entry_preservation,
          portal_ice_cave_demonic_guard, serial_bayou_pond_e, uniq_kirke,
          uniq_frances
D:15:     hangedman_depths_entry_try_elsewhere_first, layout_loops_corners,
          basic_altar, nicolae_gozag_cash_rules_everything_around_me,
          minivault_1, minmay_radiant
Lair:1:   layout_cave_pods, grunt_forest_large_clearings, uniq_fannar
Lair:2:   layout_gridlike, hibernation_bobbens, infiniplex_staircase_pool,
          uniq_erica, uniq_maggie
Lair:3:   layout_big_grid, gammafunk_ghost_wrathful_warriors,
          nicolae_volcano_entry_batcave, cheibrodos_lair_reptile_den,
          lemuel_fruit_fields, serial_bayou_shore_a
Lair:4:   layout_roguey, elwin_shoals_entry_rooms, guppyfry_snake_entry_island,
          st_stairs_11
Lair:5:   layout_cave_pods, slime_altar_1, grunt_megastairs_4
Lair:6:   evil_forest, layout_concentric_octagons, lemuel_fruit_fields,
          infiniplex_staircase_pool_2
Orc:1:    layout_caves, uniq_erolcha, uniq_maurice
Orc:2:    st_orc_town, layout_caves, basic_altar
Elf:1:    elf_arrival_002, layout_onion_city, evilmike_minifort
Elf:2:    layout_geoelf_diagonals, serial_shops, shop_fountains, minivault_14

Skill      XL: |  1  2  3  4  5  6  7  8  9 10 11 12 13 14 15 16 |
---------------+-------------------------------------------------+-----
Fighting       | 4 5 6 7 8 10 12 13 14 16 17 19 | 19.3
Axes           | 4 5 6 7 8 10 11 13 14 16 17 18 | 18.8
Armour         | 3 4 5 7 8 9 11 12 13 14 15 16 | 16.9
Shields        | 1 2 3 5 7 8 9 10 11 12 13 | 13.9
Dodging        | 3 4 5 6 |  6.7
Stealth        | 1 |  1.7
Maces & Flails | 1 |  1.2
Long Blades    | 2 4 |  4.3

Action                   |  1- 3 |  4- 6 |  7- 9 | 10-12 | 13-15 | 16-18 || total
-------------------------+-------+-------+-------+-------+-------+-------++-------
Melee: Hand axe          |   101 |   107 |   357 |   151 |       |   155 ||   871
       Headbutt          |    15 |    12 |    71 |   119 |   254 |   129 ||   600
       War axe           |       |       |       |   128 |   141 |       ||   269
       Broad axe         |       |       |       |   332 |   963 |   465 ||  1760
       Whip              |       |       |       |     7 |       |       ||     7
       Scimitar          |       |       |       |       |    67 |       ||    67
Invok: Berserk           |     1 |     4 |     6 |    11 |     8 |     4 ||    34
       Trog's Hand       |       |     1 |     1 |     1 |       |       ||     3
       Brothers in Arms  |       |       |       |     3 |       |       ||     3
  Use: Scroll            |       |       |     6 |     6 |    17 |     3 ||    32
       Potion            |       |       |     1 |       |       |       ||     1
 Stab: Distracted        |       |       |       |       |       |     1 ||     1
Armor: Ring mail         |    17 |       |       |       |       |       ||    17
       Scale mail        |    29 |    31 |    76 |       |       |       ||   136
       Plate armour      |       |       |    87 |   225 |   113 |   144 ||   569
       Quicksilver drago |       |       |       |    39 |    52 |       ||    91
       Acid dragon scale |       |       |       |     1 |       |       ||     1
       Chain mail        |       |       |       |       |   254 |       ||   254
Dodge: Dodged            |    36 |    33 |    92 |   153 |   538 |   169 ||  1021
       Repelled          |       |       |       |       |     5 |     5 ||    10
Block: Kite shield       |    41 |    34 |   165 |   306 |   724 |   283 ||  1553
       Rpst.: Scimitar   |       |       |       |       |    10 |       ||    10

Table legend: (Time is in decaauts)
 A = Elapsed time spent in this place.
 B = Non-inter-level travel time spent in this place.
 C = Inter-level travel time spent in this place.
 D = Time resting spent in this place.
 E = Time spent auto-exploring this place.
 F = Levels seen in this place.
 G = Mean time per level.
                   A        B        C        D        E       F      G
               +--------+--------+--------+--------+--------+-----+--------+
         Total |  27645 |  25607 |   2038 |   2598 |  17861 |  27 | 1023.9 |
       Dungeon |  15707 |  14341 |   1366 |   1409 |  10076 |  14 | 1121.9 |
          Lair |   6680 |   6069 |    611 |    363 |   4713 |   6 | 1113.3 |
  Orcish Mines |   1683 |   1644 |     39 |    226 |   1053 |   2 |  841.5 |
   Elven Halls |   1548 |   1526 |     22 |      0 |   1235 |   2 |  774.0 |
      Ice Cave |   1014 |   1014 |      0 |    255 |    512 |   1 | 1014.0 |
       Volcano |    158 |    158 |      0 |      0 |     15 |   1 |  158.0 |
      Gauntlet |    852 |    852 |      0 |    344 |    256 |   1 |  852.0 |
               +--------+--------+--------+--------+--------+-----+--------+

Top non-repeatable levels by time:
    D:10: 2044 daAuts
    D:15: 1915 daAuts
     D:9: 1651 daAuts
    D:12: 1466 daAuts
  Lair:5: 1461 daAuts
   Elf:1: 1440 daAuts
     D:4: 1423 daAuts
  Lair:6: 1333 daAuts
     D:6: 1180 daAuts
  Lair:4: 1170 daAuts
   Orc:2: 1121 daAuts
  Lair:1: 1117 daAuts
    D:11: 1090 daAuts
   IceCv: 1014 daAuts
     D:5: 948 daAuts
